 Dungeon Crawl Stone Soup version 0.19-a0-1107-gc676ff4 (webtiles) character file.

3539 Swollendeathray the Nimble (level 9, -11/81 HPs)
             Began as a Minotaur Berserker on Aug 9, 2016.
             Was an Elder of Trog.
             Mangled by a skeletal warrior
             ... wielding a +0 war axe
             ... led by a skeletal warrior
              (24 damage)
             ... on level 9 of the Dungeon.
             The game lasted 00:32:45 (6809 turns).

Swollendeathray the Nimble (Minotaur Berserker)     Turns: 6809, Time: 00:32:46

Health: -11/81     AC:  2    Str: 23    XL:     9   Next: 82%
Magic:  8/8        EV: 18    Int:  4    God:    Trog [****..]
Gold:   410        SH:  0    Dex: 12    Spells: 0 memorised, 8 levels left

rFire  . . .     SeeInvis .     C - +0 hand axe
rCold  . . .     Gourm    .     b - +0 animal skin
rNeg   + . .     Faith    .     (no shield)
rPois  .         Spirit   .     (helmet restricted)
rElec  .         Dismiss  .     (no cloak)
rCorr  .         Reflect  .     (no gloves)
SustAt .         Harm     .     (no boots)
MR     .....                    (no amulet)
Stlth  ++........               (no ring)
                                n - ring of positive energy

@: exhausted, slowed, very slow
A: retaliatory headbutt, horns 2
a: Berserk, Trog's Hand, Brothers in Arms, Burn Spellbooks, Renounce Religion


You were on level 9 of the Dungeon.
You worshipped Trog.
Trog was greatly pleased with you.
You were near starving.

You visited 1 branch of the dungeon, and saw 9 of its levels.

You collected 476 gold pieces.
You spent 66 gold pieces at shops.

Inventory:

Hand Weapons
 f - a +0 hand axe
 C - a +0 hand axe (weapon)
Armour
 b - a +0 animal skin (worn)
Jewellery
 a - an uncursed amulet of regeneration {unknown}
 n - a ring of positive energy (left hand)
Wands
 p - a wand of slowing (19/48)
 A - a wand of lightning (6/15)
Scrolls
 g - 2 scrolls of teleportation {unknown}
 h - a scroll of random uselessness {unknown}
 i - 3 scrolls of identify {unknown}
 j - 3 scrolls of remove curse {unknown}
 l - 5 scrolls of recharging {unknown}
 q - a scroll of fear {unknown}
 t - 2 scrolls of enchant weapon {unknown}
 v - a scroll of enchant armour {unknown}
 w - 2 scrolls of noise {unknown}
 y - 2 scrolls of fog {unknown}
 z - 2 scrolls of immolation {unknown}
 G - a scroll of amnesia {unknown}
Potions
 e - a potion of degeneration {unknown}
 k - 2 potions of brilliance {unknown}
 m - a potion of agility {unknown}
 o - 5 potions of curing
 r - a potion of flight {unknown}
 s - a potion of resistance {unknown}
 x - 2 potions of lignification {unknown}
 B - a potion of haste {unknown}
 E - a potion of might {unknown}
 H - a potion of mutation {unknown}
Books
 u - a book of Conjurations

   Spells                             Type                      Level
   a - Magic Dart                     Conjuration                  1
   b - Searing Ray                    Conjuration                  2
   c - Dazzling Spray                 Conjuration/Hexes            3
   d - Fulminant Prism                Conjuration/Hexes            4
   e - Iskenderun's Mystic Blast      Conjuration                  4
   f - Iskenderun's Battlesphere      Conjuration/Charms           5
   Trog disapproves of the use of such an item.
Comestibles
 c - 5 bread rations
 D - 4 beef jerkies
 F - 4 meat rations


   Skills:
 + Level 8.2 Fighting
 + Level 8.6 Axes
 + Level 3.0 Armour
 + Level 10.9 Dodging
 + Level 3.8 Stealth


You had 8 spell levels left.
You didn't know any spells.

Dungeon Overview and Level Annotations

Branches:
Dungeon (9/15)             Temple (0/1) D:7
   Lair: D:8-11         Orc: D:9-12

Altars:
Cheibriados
Dithmenos
Elyvilon
Fedhas
Gozag
Makhleb
Okawaru
Pakellas
Sif Muna
Xom
Zin
The Shining One

Shops:
D:7 !


Innate Abilities, Weirdness & Mutations

You reflexively headbutt those who attack you in melee.
You have a pair of horns on your head.


Message History

You slash the skeletal warrior!
The skeletal warrior is lightly damaged.
You hit the skeletal warrior but do no damage.
You slash the skeletal warrior!
The skeletal warrior hits you with a war axe!!
The skeletal warrior hits you with a flail!!
You hit the skeletal warrior.
The skeletal warrior is lightly damaged.
You completely miss the skeletal warrior.
You hit the skeletal warrior but do no damage.
The skeletal warrior closely misses you.
The skeletal warrior hits you with a flail!!
* * * LOW HITPOINT WARNING * * *
You feel a strong urge to attack something.
You feel your anger subside.
You are no longer berserk.
You are exhausted.
You feel yourself slow down.
You are near starving!
The skeletal warrior hits you with a war axe!!
You die...

..##.............
.................
..##............#
...##............
#......?......#
##.........h.##
##........#.#
#....zzz.# .#
#......@.# #
....#......#
....#....#.# ...
###....# ..
...... ##.#....
#..#.... ##.
.....


You could see 3 skeletal warriors and a jackal (wandering).

Vanquished Creatures
  The ghost of Swollendeathray the Nimble, a novice MiBe of Trog (D:4)
  Pikel (D:7)
  3 hippogriffs (D:8)
  2 black bears
  A slave (D:7)
  An ice beast (D:6)
  A phantom (D:6)
  2 ogres
  2 centaurs
  2 giant frogs (D:6)
  A scorpion (D:5)
  A jelly (D:6)
  A wyvern skeleton (D:8)
  5 killer bees (D:7)
  A giant frog zombie (D:8)
  4 howler monkeys
  A crimson imp (D:8)
  4 quasits
  A centaur skeleton (D:6)
  2 hounds
  3 orc priests (D:4)
  Terence (D:2)
  4 giant frog skeletons
  An iguana (D:5)
  4 orc wizards
  Natasha (twice) (D:3)
  3 worker ants
  7 adders
  2 oozes
  A worm (D:7)
  6 giant geckos
  15 orcs
  4 bats
  10 giant cockroaches
  3 goblins
  4 hobgoblins
  7 jackals
  8 kobolds
  A quokka (D:2)
  A ball python (D:5)
  2 giant gecko zombies
  A giant newt (D:5)
  A jackal skeleton (D:6)
  5 rats
  A bush (D:4)
134 creatures vanquished.

Vanquished Creatures (others)
  An ugly thing (D:8)
  A slave (D:7)
  A water moccasin (D:7)
  An ogre (D:7)
  An adder (D:7)
5 creatures vanquished.

Grand Total: 139 creatures vanquished

Notes
Turn   | Place    | Note
-------+----------+-------------------------------------------
     0 | D:1      | Swollendeathray the Minotaur Berserker began the quest for the Orb.
     0 | D:1      | Reached XP level 1. HP: 19/19 MP: 0/0
   188 | D:1      | Reached XP level 2. HP: 20/27 MP: 1/1
   341 | D:2      | Reached ** piety under Trog
   342 | D:2      | Reached XP level 3. HP: 25/33 MP: 2/2
   492 | D:2      | Noticed Terence
   501 | D:2      | Killed Terence
   501 | D:2      | Reached XP level 4. HP: 34/41 MP: 3/3
   652 | D:3      | Found a glowing drain.
   661 | D:3      | Reached skill level 3 in Dodging
  1556 | D:3      | Noticed Natasha
  1572 | D:3      | Killed Natasha
  1572 | D:3      | Reached XP level 5. HP: 17/47 MP: 4/4
  1677 | D:3      | Noticed Natasha
  1681 | D:3      | Killed Natasha
  1681 | D:3      | Reached skill level 5 in Fighting
  1875 | D:4      | Noticed Swollendeathray's ghost (novice MiBe)
  1890 | D:4      | Killed Swollendeathray's ghost
  1890 | D:4      | Reached skill level 5 in Dodging
  1890 | D:4      | Reached skill level 1 in Stealth
  1890 | D:4      | Reached XP level 6. HP: 33/56 MP: 5/5
  1890 | D:4      | Reached XP level 7. HP: 36/61 MP: 6/6
  2122 | D:4      | Found a white marble altar of Elyvilon.
  2150 | D:4      | Reached skill level 6 in Dodging
  2220 | D:4      | Found a snail-covered altar of Cheibriados.
  2361 | D:4      | Found a blossoming altar of Fedhas.
  2516 | D:4      | Reached *** piety under Trog
  2567 | D:5      | Entered Level 5 of the Dungeon
  2724 | D:5      | Reached XP level 8. HP: 65/70 MP: 7/7
  3466 | D:6      | Reached skill level 7 in Dodging
  3787 | D:6      | Found an iron altar of Okawaru.
  4363 | D:6      | Found a shadowy altar of Dithmenos.
  4413 | D:6      | Reached skill level 8 in Dodging
  4676 | D:7      | Noticed Pikel
  4692 | D:7      | Killed Pikel
  4692 | D:7      | Reached skill level 9 in Dodging
  4692 | D:7      | Reached XP level 9. HP: 31/79 MP: 8/8
  4936 | D:7      | Found a glowing golden altar of the Shining One.
  4987 | D:7      | Found a staircase to the Ecumenical Temple.
  5827 | D:7      | Found Quodi's Distillery.
  5832 | D:7      | Bought a potion of curing for 33 gold pieces
  5832 | D:7      | Bought a potion of curing for 33 gold pieces
  6025 | D:8      | Killed a brown ugly thing
  6069 | D:8      | Found a deep blue altar of Sif Muna.
  6103 | D:8      | Reached skill level 10 in Dodging
  6381 | D:8      | Found a shimmering altar of Xom.
  6488 | D:8      | Found a glowing silver altar of Zin.
  6491 | D:8      | Found an opulent altar of Gozag.
  6578 | D:8      | Found an oddly glowing altar of Pakellas.
  6578 | D:8      | Noticed an orange crystal statue
  6601 | D:8      | Found a shadowy altar of Dithmenos.
  6702 | D:8      | Found a burning altar of Makhleb.
  6755 | D:8      | Reached **** piety under Trog
  6793 | D:9      | Noticed a skeletal warrior
  6794 | D:9      | Noticed a skeletal warrior
  6794 | D:9      | Noticed a skeletal warrior
  6797 | D:9      | Noticed a skeletal warrior
  6809 | D:9      | Mangled by a skeletal warrior

Vault maps used:
D:1:      minmay_arrival_nine_rooms
D:2:      uniq_robin, uniq_sigmund, uniq_terence
D:3:      gup_sewer_entry_pipe, first_bread, uniq_natasha
D:4:      fedhas_bush_and_centaur_altar, elyvilon_altar_3,
          cheibriados_altar_wand_db
D:6:      old_standard_altar, grunt_dithmenos_shadows
D:7:      lemuel_doored_altar, serial_shops, kennysheep_little_box, uniq_pikel
D:8:      grunt_temple_overflow_gold_and_silver, lightli_temple_of_fire,
          kennysheep_mini_moat, gammafunk_pakellas_statue_experiment,
          lemuel_crystal_altar, xom_teletrap_fun
D:9:      bloody_trog, serial_shops, shop, hangedman_little_slice_of_home,
          okawaru_gym_becter

Skill      XL: |  1  2  3  4  5  6  7  8  9 |
---------------+----------------------------+-----
Axes           | 4 6 7 8 |  8.6
Fighting       | 4 5 6 7 8 |  8.2
Dodging        | 3 5 6 9 10 | 10.9
Armour         | 3 |  3.0
Stealth        | 1 2 3 |  3.8

Action                   |  1- 3 |  4- 6 |  7- 9 || total
-------------------------+-------+-------+-------++-------
Melee: Hand axe          |    40 |    55 |   362 ||   457
       Headbutt          |     4 |     5 |    95 ||   104
Invok: Berserk           |       |     2 |     8 ||    10
       Trog's Hand       |       |       |     3 ||     3
  Use: Potion            |       |       |     2 ||     2
 Stab: Sleeping          |       |     1 |     6 ||     7
  Eat: Chunk             |       |     2 |    14 ||    16
       Beef jerky        |       |     1 |       ||     1
       Pizza             |       |     1 |       ||     1
       Meat ration       |       |       |     1 ||     1
       Bread ration      |       |       |     1 ||     1
Armor: Animal skin       |     4 |     8 |    32 ||    44
Dodge: Dodged            |    35 |    31 |   279 ||   345
